 Dungeon Crawl Stone Soup version 0.20.1-1-g8b1a95d (webtiles) character file.

290 schauveau the Tainter (level 6, -1/34 HPs)
             Began as a Gargoyle Earth Elementalist on Dec 7, 2017.
             Slain by Menkaure (6 damage)
             ... on level 4 of the Dungeon.
             The game lasted 00:12:04 (2433 turns).

schauveau the Tainter (Gargoyle Earth Elementalist) Turns: 2433, Time: 00:12:05

Health: -1/34      AC:  6    Str: 12    XL:     6   Next: 32%
Magic:  2/10       EV: 12    Int: 17    God:
Gold:   58         SH:  3    Dex: 10    Spells: 6/10 levels left

rFire    . . .     SeeInvis +   a - +0 short sword
rCold    . . .     Gourm    .   (no shield)
rNeg     + . .     Faith    .   c - +0 robe
rPois    ∞         Spirit   .   (no helmet)
rElec    +         Reflect  +   (no cloak)
rCorr    .         Harm     .   (no gloves)
MR       .....                  (no boots)
Stlth    ++........             o - +3 amulet of reflection
Regen    0.2/turn               p - ring of see invisible
MPRegen  0.2/turn               (no ring)

@: very slightly contaminated
A: negative energy resistance 1, electricity resistance, unbreathing,
petrification resistance, rot immunity, AC +4
a: no special abilities


You were on level 4 of the Dungeon.
You were not hungry.

You visited 1 branch of the dungeon, and saw 5 of its levels.

You collected 58 gold pieces.

Inventory:

Hand Weapons
 a - a +0 short sword (weapon)
 f - a +0 club
Missiles
 b - 58 stones (quivered)
 i - 11 bolts
 k - 2 javelins
 s - a throwing net
Armour
 c - a +0 robe (worn)
Jewellery
 o - a +3 amulet of reflection (around neck)
 p - a ring of see invisible (left hand)
Wands
 r - a wand of enslavement (12/24)
Scrolls
 g - a scroll of teleportation
 n - a scroll of identify
Potions
 h - a potion of heal wounds {unknown}
 j - a potion of haste {unknown}
 m - a potion of curing
 q - a potion of cancellation {unknown}
Books
 e - a book of Geomancy

   Spells                             Type                      Level
   a - Sandblast                      Earth                        1
   b - Passwall                       Transmutation/Earth          2
   c - Stone Arrow                    Conjuration/Earth            3
   d - Petrify                        Transmutation/Earth          4
   e - Lee's Rapid Deconstruction     Earth                        5
Comestibles
 d - 2 bread rations


   Skills:
 + Level 1.4 Fighting
 - Level 1.5 Dodging
 - Level 2.1 Stealth
 + Level 2.7 Spellcasting
   Level 0.7 Transmutations
 * Level 5.9 Earth Magic
   Level 10.2 Poison Magic


You had 6 spell levels left.
You knew the following spells:

 Your Spells              Type           Power        Failure   Level  Hunger
b - Stone Arrow           Conj/Erth      ##....       16%         3    ###....
z - Sandblast             Erth           ###...       1%          1    #......


Dungeon Overview and Level Annotations

Branches:
Dungeon (5/15)
 Temple: D:4-7

Altars:
Makhleb

Annotations:
D:4 Menkaure


Innate Abilities, Weirdness & Mutations

You are resistant to torment.
Your stone body is resilient. (AC +4)
You are immune to poison.
You resist negative energy. (rN+)
You are resistant to electric shocks. (rElec)
You can survive without breathing.
You are immune to petrification.
You are immune to rotting.


Message History

You momentarily stiffen.
Menkaure barely misses you.
Casting: Stone Arrow
Confirm with . or Enter, or press ? or * to list all spells.
Aiming: Stone Arrow
Press: ? - help, Shift-Dir - straight line, f/p - Menkaure
Aim: Menkaure (lightly damaged, fast)
The stone arrow hits Menkaure.
Menkaure is heavily damaged.
Menkaure hits you!
* * * LOW HITPOINT WARNING * * *
Casting: Stone Arrow
Confirm with . or Enter, or press ? or * to list all spells.
Aiming: Sandblast
Press: ? - help, Shift-Dir - straight line, f/p - Menkaure
Aim: Menkaure (heavily damaged, fast)
The blast of sand hits Menkaure.
Menkaure is severely damaged.
b - 58 stones Menkaure hits you.
You die...

...# #....#.##.#<#
...#
#######....#.##.###
...#
#.?..........##..
...#
#............#####
...#
#......(....>..
..##
#...............
..#
#...............
..# #.......M......
.<# #......@.......
.^# #..............
### #..............
#............$.
#..............
###############


You could see Menkaure.

Vanquished Creatures
  A phantom (D:4)
  A scorpion (D:3)
  A worker ant (D:4)
  A howler monkey skeleton (D:4)
  An ooze (D:4)
  3 dart slugs
  A leopard gecko (D:4)
  3 giant cockroaches
  5 goblins
  2 hobgoblins (D:1)
  11 jackals
  7 kobolds
  6 bats
  5 frilled lizards
  6 rats
54 creatures vanquished.

Notes
Turn   | Place    | Note
-------+----------+-------------------------------------------
     0 | D:1      | schauveau the Gargoyle Earth Elementalist began the quest for the Orb.
     0 | D:1      | Reached XP level 1. HP: 10/10 MP: 3/3
    89 | D:1      | Reached XP level 2. HP: 15/15 MP: 3/5
   346 | D:1      | Reached XP level 3. HP: 7/19 MP: 2/6
  1057 | D:2      | Reached skill level 5 in Earth Magic
  1558 | D:2      | Learned a level 3 spell: Stone Arrow
  1731 | D:3      | Found a burning altar of Makhleb.
  1738 | D:4      | Reached skill level 10 in Poison Magic
  1738 | D:4      | Reached XP level 4. HP: 24/24 MP: 7/7
  1777 | D:3      | Reached XP level 5. HP: 13/28 MP: 0/8
  2153 | D:4      | Noticed a phantom
  2193 | D:4      | Killed a phantom
  2193 | D:4      | Reached skill level 1 in Fighting
  2193 | D:4      | Reached XP level 6. HP: 31/34 MP: 1/10
  2267 | D:5      | Entered Level 5 of the Dungeon
  2422 | D:4      | Noticed Menkaure
  2433 | D:4      | Slain by Menkaure

Skill      XL: |  1  2  3  4  5 |
---------------+----------------+-----
Earth Magic    | 4 5 |  5.9
Poison Magic   | 10 | 10.2
Fighting       | 1 |  1.4
Dodging        | |  1.5
Stealth        | |  2.1
Spellcasting   | |  2.7
Transmutations | |  0.7

Action                   |  1- 3 |  4- 6 || total
-------------------------+-------+-------++-------
Melee: Short sword       |    96 |    34 ||   130
       Club              |     8 |       ||     8
 Cast: Sandblast         |    38 |    20 ||    58
       Stone Arrow       |       |     2 ||     2
  Use: Scroll            |     2 |     2 ||     4
       Potion            |     1 |       ||     1
  Eat: Chunk             |     3 |     3 ||     6
Armor: Robe              |    74 |    10 ||    84
Dodge: Dodged            |   140 |    30 ||   170
Block: Other             |       |     3 ||     3
